 Dungeon Crawl Stone Soup version 0.25-a0-598-gc9c9e4cfe1 (webtiles) character file.

Game seed: 11698673471038079528, levelgen mode: deterministic

1092 MisterFreud the Nimble (level 8, -4/37 (38) HPs)
             Began as a Felid Skald on Mar 15, 2020.
             Slain by a two-headed ogre
             ... wielding a +0 giant spiked club
              (21 damage)
             ... on level 8 of the Dungeon.
             The game lasted 00:21:18 (9454 turns).

MisterFreud the Nimble (Felid Skald)                Turns: 9454, Time: 00:21:21

HP:   -4/37 (38)    AC:  2    Str:  7    XL:     8   Next: 9%
MP:   14/14         EV: 24    Int: 15    God:
Gold: 457           SH:  0    Dex: 17    Spells: 3/14 levels left
                                        Lives: 0   Deaths: 2

rFire    . . .     SeeInvis +     - Unarmed
rCold    . . .     Gourm    .   (shield unavailable)
rNeg     . . .     Faith    .   (armour unavailable)
rPois    .         Spirit   .   (helmet unavailable)
rElec    .         Reflect  .   (cloak unavailable)
rCorr    .         Harm     .   (gloves unavailable)
MR       ++...                  (boots unavailable)
Stlth    ++++......             (no amulet)
HPRegen  0.12/turn              l - ring of wizardry
MPRegen  0.14/turn              A - ring of protection from magic

@: quick
A: very small, no armour, no weapons or thrown items, stealth, claws 1, fangs 3,
see invisible, carnivore, speed 1, shaggy fur 2, slow metabolism 1, sharp paws
a: no special abilities


You were on level 8 of the Dungeon.
You were not hungry.

You visited 2 branches of the dungeon, and saw 9 of its levels.

You collected 457 gold pieces.

Inventory:

Jewellery
 h - an uncursed ring of protection from cold
 k - an uncursed ring of protection from fire
 l - a ring of wizardry (left paw)
 u - an uncursed ring of protection from fire
 A - a ring of protection from magic (right paw)
Wands
 q - a wand of flame (16)
 t - a wand of acid (5)
Scrolls
 c - a scroll of immolation {unknown}
 d - 2 scrolls of identify
 f - 2 scrolls of magic mapping {unknown}
 i - 2 scrolls of random uselessness {unknown}
 m - a scroll of blinking {unknown}
 n - 4 scrolls of teleportation {unknown}
 o - 5 scrolls of remove curse {unknown}
 r - 8 scrolls of enchant armour {unknown}
 s - 2 scrolls of amnesia {unknown}
 v - 2 scrolls of enchant weapon {unknown}
 y - a scroll of fog {unknown}
Potions
 a - 3 potions of stabbing
 e - a potion of ambrosia
 g - 3 potions of invisibility
 j - 2 potions of curing
 p - 3 potions of haste
 w - 2 potions of brilliance
 x - a potion of mutation
 z - 2 potions of lignification
 B - a potion of resistance
 C - a potion of heal wounds
Comestibles
 b - 19 rations


   Skills:
 + Level 5.7 Fighting
 + Level 8.1 Dodging
 - Level 6.1 Stealth
 + Level 5.8 Unarmed Combat
 * Level 3.8 Spellcasting
 - Level 3.6 Charms
 - Level 2.0 Translocations
 - Level 3.0 Air Magic


You had 3 spell levels left.
You knew the following spells:

 Your Spells              Type           Power        Failure   Level  Hunger
a - Infusion              Chrm           ##..         1%          1    None
b - Shroud of Golubria    Chrm/Tloc      ##....       3%          2    ##.....
c - Ozocubu's Armour      Chrm/Ice       #.......     11%         3    ###....
d - Mephitic Cloud        Conj/Pois/Air  #.......     16%         3    ###....
e - Blink                 Tloc           N/A          4%          2    ##.....

Your spell library contained the following spells:

 Spells                   Type           Power        Failure   Level  Hunger
 Song of Slaying          Chrm           ##......     2%          2    ##.....
 Magic Dart               Conj           #...         8%          1    None
 Call Imp                 Summ           #.......     12%         2    ##.....
 Slow                     Hex            #.......     12%         2    ##.....
 Conjure Flame            Conj/Fire      #.......     22%         3    ###....
 Spectral Weapon          Hex/Chrm       Unusable     N/A         3    N/A

Dungeon Overview and Level Annotations

Branches:
Dungeon (8/15)             Temple (1/1) D:4
   Lair: D:8-11

Altars:
Ashenzari
Cheibriados
Dithmenos
Elyvilon
Fedhas
Hepliaklqana
Kikubaaqudgha
Makhleb
Nemelex Xobeh
Okawaru
Qazlal
Ru
Sif Muna
Trog
Vehumet
Wu Jian
Xom
Yredelemnul
Zin

Shops:
D:5 [   D:6 :

Annotations:
D:4 Dowan
D:8 exclusion: killer bee


Innate Abilities, Weirdness & Mutations

You cannot wear armour.
You are incapable of wielding weapons or throwing items.
Your paws allow you to move quietly. (Stealth)
You have sharp claws.
You have razor-sharp teeth.
You have supernaturally acute eyesight. (SInv)
You are carnivorous and can eat meat at any time.
You cover ground quickly.
You are covered in thick fur. (AC +2)
You have a slow metabolism.
Your sharp claws are effective at attacking unaware monsters.


Message History

You barely miss the hound.
The hound is severely wounded.
The hound bites you.
You scratch the hound.
You kill the hound!
Magic restored. 3 killer bees and a scorpion come into view.
Evoke which item? (* to show all) (? for menu, Esc to quit)
Okay, then.
Found 11 gold pieces.
A two-headed ogre comes into view.
It is wielding a +0 giant spiked club and a +0 giant club.
You see here 11 gold pieces.
You pounce on the unaware helpless two-headed ogre!
You mangle the two-headed ogre!!
The two-headed ogre is heavily wounded.
The two-headed ogre hits you with a +0 giant spiked club!!
Ouch! That really hurt!
The two-headed ogre hits you with a +0 giant club!!
Ouch! That really hurt!
You die...

#.#####...#.#...##.......#
#...# ##.##.#............#
....yy. ...##.#............#
###..y########.#.#...<......#
##.s. #.#.#.#........#
#.###.#####.#...#.........
..# #.........#####.##.#.#
#.# #....###....# .# # # ....
##@#.# ## ### #.O......
#.##.#### .## # #


You could see a two-headed ogre.

Vanquished Creatures
  Sigmund (D:6)
  Edmund (D:6)
  Duvessa (D:4)
  A water moccasin (D:3)
  A black bear (D:7)
  An orc warrior (D:7)
  An ice beast (D:6)
  A necrophage (D:7)
  3 ogres
  A centaur (D:5)
  A bullfrog (D:6)
  Blork the orc (D:6)
  3 scorpions
  A water moccasin skeleton (D:5)
  A howler monkey (D:5)
  2 jellies
  Crazy Yiuf (D:6)
  A centaur skeleton (D:6)
  4 hounds
  An orc wizard (D:4)
  Jessica (D:2)
  An iguana (D:4)
  3 worker ants
  A howler monkey zombie (D:7)
  3 adders
  A shadow imp (D:6)
  An adder zombie (D:6)
  4 worms
  4 leopard geckos
  4 orcs
  5 giant cockroaches
  8 goblins
  3 hobgoblins
  10 jackals
  2 quokkas
  4 bats
  8 frilled lizards
  6 kobolds
  6 rats
103 creatures vanquished.

Notes
Turn   | Place    | Note
-------+----------+-------------------------------------------
     0 | D:1      | MisterFreud the Felid Skald began the quest for the Orb.
     0 | D:1      | Reached XP level 1. HP: 9/9 MP: 4/4
   443 | D:1      | Reached XP level 2. HP: 13/13 MP: 0/6
   466 | D:1      | Learned a level 2 spell: Shroud of Golubria
  1746 | D:2      | Reached XP level 3. HP: 17/17 MP: 7/7
  1747 | D:2      | Noticed Jessica
  1769 | D:2      | Killed Jessica
  1994 | D:2      | Learned a level 3 spell: Ozocubu's Armour
  2447 | D:3      | Noticed a water moccasin
  2552 | D:3      | You fall into a shaft and drop 3 floors!
  2634 | D:6      | Reached skill level 1 in Stealth
  2634 | D:6      | Reached XP level 4. HP: 22/22 MP: 0/8
  2910 | D:5      | Entered Level 5 of the Dungeon
  3046 | D:5      | HP: 1/22 [scorpion (10)]
  3047 | D:5      | Succumbed to a scorpion's poison
  3048 | D:5      | Reached XP level 3. HP: 0/18 MP: 2/7
  3063 | D:5      | Reached XP level 4. HP: 8/22 MP: 2/8
  3128 | D:5      | Found a radiant altar of Vehumet.
  3236 | D:4      | Noticed an orc warrior
  3486 | D:5      | Noticed an ogre
  3542 | D:5      | Noticed a centaur
  3661 | D:5      | Killed a centaur
  3661 | D:5      | Reached skill level 4 in Dodging
  3661 | D:5      | Reached XP level 5. HP: 20/25 MP: 3/9
  3940 | D:4      | Noticed Dowan
  3943 | D:4      | Noticed Duvessa
  3965 | D:5      | Killed an ogre
  3965 | D:5      | Reached skill level 5 in Dodging
  3965 | D:5      | Gained mutation: You are covered in thick fur. (AC +2)
                  | [Felid growth]
  3965 | D:5      | Reached XP level 6. HP: 26/28 MP: 1/10
  4287 | D:5      | Reached skill level 6 in Dodging
  4322 | D:5      | Found Yhio's Antique Armour Emporium.
  4577 | D:4      | Found a staircase to the Ecumenical Temple.
  4586 | Temple   | Entered the Ecumenical Temple
  4864 | D:4      | Found a bloodstained altar of Trog.
  5041 | D:6      | Found a shadowy altar of Dithmenos.
  5173 | D:6      | Learned a level 3 spell: Mephitic Cloud
  5249 | D:6      | Reached XP level 7. HP: 29/32 MP: 7/11
  5346 | D:6      | Noticed Edmund
  5363 | D:6      | Killed Edmund
  5363 | D:6      | Reached skill level 1 in Air Magic
  5639 | D:6      | Reached skill level 5 in Stealth
  5710 | D:6      | Found Zagoihew's Book Shop.
  5712 | D:6      | Noticed Sigmund
  5730 | D:6      | Killed Sigmund
  5780 | D:6      | Reached XP level 8. HP: 36/36 MP: 4/12
  5838 | D:6      | Learned a level 2 spell: Blink
  5886 | D:6      | Found a runed translucent door.
  5887 | D:6      | Noticed Crazy Yiuf
  6077 | D:6      | Noticed Blork the orc
  6080 | D:6      | Killed Blork the orc
  6080 | D:6      | Reached skill level 7 in Dodging
  6080 | D:6      | Reached skill level 1 in Translocations
  6149 | D:6      | Killed Crazy Yiuf
  6445 | D:3      | Found a faded altar of an unknown god.
  6969 | D:3      | Reached skill level 5 in Fighting
  6969 | D:3      | Reached skill level 5 in Unarmed Combat
  7732 | D:4      | Killed Duvessa
  8866 | D:7      | Reached skill level 8 in Dodging
  8969 | D:7      | Found a shimmering altar of Xom.
  8969 | D:7      | Found a shimmering altar of Xom.
  8969 | D:7      | Found a shimmering altar of Xom.
  8970 | D:7      | Found a shimmering altar of Xom.
  9153 | D:7      | Splashed by a jelly's acid
  9154 | D:7      | Reached XP level 7. HP: -2/34 MP: 10/13
  9210 | D:7      | Reached XP level 8. HP: 35/37 MP: 9/14
  9449 | D:8      | Noticed a two-headed ogre
  9454 | D:8      | Slain by a two-headed ogre

Levels and vault maps discovered:
D:1:      wander_arrival_peaceful_grave, layout_basic, grunt_decor_resistance
D:2:      layout_loops_ring, dk_vineyard_3, patterned_corridor, uniq_jessica
D:3:      layout_loops_corners, chequers_ecumenical_altar_island
D:4:      layout_gridville, lightli_temple_of_fire,
          minmay_temple_entry_overgrown, uniq_duvessa
D:5:      layout_loops_ring, serial_shops, nicolae_shop_behind_doors,
          first_ration, vehumet_altar_wand_db
D:6:      layout_loops_ring, nicolae_dithmenos_shadow_blocks, serial_shops,
          nicolae_shop_crystal, uniq_crazy_yiuf_cottage, uniq_blork_the_orc,
          uniq_edmund, uniq_sigmund
D:7:      layout_basic, xom_redecorated
D:8:      layout_loops_ring
Temple:   regret_index_temple_generic_petals

Skill      XL: |  1  2  3  4  5  6  7  8 |
---------------+-------------------------+-----
Fighting       | 3 4 5 |  5.7
Stealth        | 1 3 4 5 6 |  6.1
Dodging        | 4 5 6 8 |  8.1
Unarmed Combat | 3 4 5 |  5.8
Air Magic      | 2 3 |  3.0
Translocations | 2 |  2.0
Spellcasting   | 3 |  3.8
Charms         | |  3.6

Action                   |  1- 3 |  4- 6 |  7- 9 || total
-------------------------+-------+-------+-------++-------
Melee: Unarmed           |   123 |    98 |   258 ||   479
       Bite              |    16 |     6 |    22 ||    44
       Punch             |     1 |       |     7 ||     8
 Cast: Infusion          |    15 |     3 |     4 ||    22
       Shroud of Golubri |    14 |    11 |    23 ||    48
       Ozocubu's Armour  |       |     9 |    18 ||    27
Evoke: Wand              |       |     1 |     7 ||     8
  Use: Potion            |       |     1 |     1 ||     2
       Scroll            |       |     5 |     4 ||     9
 Stab: Sleeping          |     2 |     5 |    16 ||    23
       Distracted        |       |     1 |     1 ||     2
  Eat: Chunk             |     9 |    12 |    14 ||    35
Armor: Skin              |     8 |     8 |    21 ||    37
Dodge: Dodged            |   104 |    84 |   188 ||   376

Table legend:
 A = Non-vault XP
 B = Vault XP
 C = Vault XP percentage of total XP
 D = Non-vault monster count
 E = Vault monster count
 F = Vault count percentage of total count
                 A         B        C        D         E       F
            +---------+---------+-------+---------+---------+-------
      Total |    2245 |     714 |  24.1 |      96 |       7 |   6.8
            +---------+---------+-------+---------+---------+-------
        D:1 |      22 |       0 |   0.0 |      13 |       0 |   0.0
        D:2 |      25 |      37 |  59.7 |      14 |       1 |   6.7
        D:3 |     187 |       0 |   0.0 |      21 |       0 |   0.0
        D:4 |     202 |     147 |  42.1 |       6 |       1 |  14.3
        D:5 |     535 |       2 |   0.4 |      17 |       1 |   5.6
        D:6 |     606 |     528 |  46.6 |      14 |       4 |  22.2
        D:7 |     626 |       0 |   0.0 |      10 |       0 |   0.0
        D:8 |      42 |       0 |   0.0 |       1 |       0 |   0.0
            +---------+---------+-------+---------+---------+-------
